 Dungeon Crawl Stone Soup version bcrawl-1.21.3 (webtiles) character file.

Game seed: 13142520566166929521

9 MisterOstroum the Insei (level 2, 20/24 HPs)
             Began as a Demonspawn Martial Artist on Mar 25, 2020.
             Was a Follower of Wu Jian.
             Quit the game on level 1 of the Dungeon.
             The game lasted 00:00:22 (209 turns).

MisterOstroum the Insei (Demonspawn Martial Artist)  Turns: 209, Time: 00:00:22

Health: 20/24      AC:  2    Str: 12    XL:     2   Next: 3%
Magic:  2/3        EV: 13    Int: 10    God:    Wu Jian [*.....]
Gold:   38         SH:  0    Dex: 15    Spells: 2/3 levels left

rFire    . . .     SeeInvis .     - Unarmed
rCold    . . .     Gourm    .   (no shield)
rNeg     . . .     Faith    .   a - +0 robe
rPois    .         Spirit   .   (helmet restricted)
rElec    .         Reflect  .   (no cloak)
rCorr    .         Harm     .   (no gloves)
MR       .....                  (no boots)
Stlth    +.........             (no amulet)
HPRegen  0.08/turn              (no ring)
MPRegen  0.08/turn              (no ring)

@: confusing touch, glowing
A: antennae 1
a: Wall Jump, Renounce Religion


You were on level 1 of the Dungeon.
You worshipped Wu Jian.
Wu Jian was aware of your devotion.
You were not hungry.

You visited 1 branch of the dungeon, and saw 1 of its levels.

You collected 38 gold pieces.

Inventory:

Armour
 a - a +0 robe (worn)
Scrolls
 g - a scroll of identify {unknown}
 h - a scroll of teleportation {unknown}
Potions
 b - a potion of agility {@q5 !q}
 c - a potion of haste {unknown}
 f - a potion of curing {unknown}
Comestibles
 d - 2 chunks of flesh
 e - a ration {!d}


   Skills:
 * Level 3.2 Fighting
 + Level 2.8 Dodging
 - Level 1.0 Stealth
 * Level 3.8 Unarmed Combat
 - Level 1.0 Spellcasting
 - Level 1.0 Hexes


You had 2 spell levels left.
You knew the following spells:

 Your Spells              Type           Power        Failure   Level  Hunger
a - Confusing Touch       Hex            #.......     22%         1    ##.....
Your spell library was empty.

Dungeon Overview and Level Annotations

Branches:
Dungeon (1/12)

Altars:


Innate Abilities, Weirdness & Mutations

You have a pair of small antennae on your head.


Message History

a +0 club; a hobgoblin skeleton
Things that are here:
a +0 club; a hobgoblin skeleton You open the door.
Found a runed whip and a dagger.
There is an open door here.
There is an open door here.
Found an escape hatch in the floor.
A goblin comes into view.
The goblin barely misses you.
You closely miss the goblin. The goblin barely misses you.
You completely miss the goblin. The goblin misses you.
You hit the goblin.
You kill the goblin!
The Council accepts your kill.
No target in view!
No target in view!
No target in view!
No target in view!
No target in view!
No target in view!
Unknown command.
f - a viscous white potion You now have 14 gold pieces.
g - a scroll labeled UTHIRHESOUD
Found a whip.
A kobold comes into view.
Found a glowing hunting sling.
A kobold is nearby!
Casting: Confusing Touch (safe; 22% risk of failure)
Confirm with . or Enter, or press ? or * to list all spells.
Your hands begin to glow red.
The kobold shouts!
Unknown command.
You lunge at the kobold.
You closely miss the kobold. The kobold closely misses you.
You hit the kobold.
The kobold is moderately wounded.
The kobold closely misses you.
You barely miss the kobold. You punch the kobold.
The kobold is severely wounded.
The kobold closely misses you.
The kobold seems disoriented.
You hit the kobold but do no damage.
The kobold is severely wounded.
The kobold hits you.
The kobold seems disoriented.
You hit the kobold.
You kill the kobold!
The Council accepts your kill.
No target in view!
No target in view!
No target in view!
No target in view!
Magic restored.
Your hands stop glowing.
You now have 38 gold pieces (gained 24).
You see here a glowing hunting sling.
h - a scroll labeled ZUXOCUBBUE A hobgoblin comes into view.
It is wielding a +0 club.
A goblin comes into view. It is wielding a +0 club.
Found a scroll labeled UTHIRHESOUD.
You lunge at the goblin, in a flurry of attacks.
The helpless goblin fails to defend itself.
You hit the goblin.
The goblin is heavily wounded.
You hit the goblin.
The goblin is almost dead.
The hobgoblin shouts!
The hobgoblin hits you with a +0 club. The goblin barely misses you.
You hit the goblin.
You kill the goblin!
The Council accepts your kill. The hobgoblin barely misses you.
You barely miss the hobgoblin.
A leopard gecko comes into view.
The hobgoblin hits you with a +0 club.
The leopard gecko moves out of view.
You hit the hobgoblin.
The hobgoblin is moderately wounded.
The hobgoblin closely misses you.
You hit the hobgoblin but do no damage.
The hobgoblin is moderately wounded.
The hobgoblin hits you with a +0 club.
You hit the hobgoblin.
The hobgoblin is almost dead.
You punch the hobgoblin!
You kill the hobgoblin!
The Council accepts your kill.
You have reached level 2!
You feel monstrous as your demonic heritage exerts itself.
Your demonic ancestry asserts itself...
A pair of antennae grows on your head!
The leopard gecko is too close now for your liking.
A leopard gecko is nearby!
A leopard gecko is nearby!
Casting: Confusing Touch (safe; 22% risk of failure)
Confirm with . or Enter, or press ? or * to list all spells.
Your hands begin to glow red.
The leopard gecko hisses angrily.
A dart slug comes into view.
Unknown command.
Are you sure you want to abandon this character and quit the game? (Confirm with "yes".)

..##..#
#...###.## ###.#
## ##......##
#.# #.# ...###
#.# #.# .#.# #.#
##.#### .. ..
#.# ###.....# ##
#.. #.#
#.......# ##.
#)#####.#.....#
##).##...#.....#
#l@....#######.#
#.?..(.#.#### .#
..##w###..# .# #
##..# #.# .. #.#
..


You could see a dart slug (wandering) and a leopard gecko.

Vanquished Creatures
  A giant cockroach (D:1)
  2 goblins (D:1)
  3 hobgoblins (D:1)
  A kobold (D:1)
7 creatures vanquished.

Notes
Turn   | Place    | Note
-------+----------+-------------------------------------------
     0 | D:1      | MisterOstroum the Demonspawn Martial Artist began the quest
                  | for the Orb.
     0 | D:1      | Reached XP level 1. HP: 18/18 MP: 2/2
   188 | D:1      | Gained mutation: You have a pair of small antennae on your
                  | head. [demonic ancestry]
   188 | D:1      | Reached XP level 2. HP: 18/24 MP: 3/3
   209 | D:1      | Quit the game

Action                   || total
-------------------------++-------
Melee: Unarmed           ||    27
       Punch             ||     1
 Cast: Confusing Touch   ||     3
Invok: Lunge             ||     2
 Stab: Sleeping          ||     1
Armor: Robe              ||     2
Dodge: Dodged            ||    15
